 Dungeon Crawl Stone Soup version 0.19.5 (webtiles) character file.

4947 rutigerpupkin the Fighter (level 10, -13/68 HPs)
             Began as a Gargoyle Fighter on May 10, 2017.
             Was a Priest of Okawaru.
             Mangled by a white ugly thing (34 damage)
             ... on level 9 of the Dungeon.
             The game lasted 00:26:05 (7662 turns).

rutigerpupkin the Fighter (Gargoyle Fighter)        Turns: 7662, Time: 00:26:05

Health: -13/68     AC: 23    Str: 23    XL:     10   Next: 52%
Magic:  19/19      EV:  7    Int:  9    God:    Okawaru [***...]
Gold:   852        SH: 12    Dex: 16    Spells: 0 memorised, 9 levels left

rFire  . . .     SeeInvis .     I - +7 long sword "Plog" {venom, *Contam MP+9 Dex+7}
rCold  . . .     Gourm    .     R - +2 chain mail {MR+}
rNeg   + . .     Faith    .     c - +0 shield
rPois  ∞         Spirit   .     (no helmet)
rElec  +         Reflect  .     G - +1 cloak {rPois}
rCorr  +         Harm     .     (no gloves)
MR     ++...                    i - +0 pair of boots
Stlth  ..........               (no amulet)
                                j - ring of resist corrosion
                                g - ring of protection from magic

@: no status effects
A: negative energy resistance 1, electricity resistance, unbreathing,
petrification resistance, rot immunity, AC +7
a: Heroism, Renounce Religion


You were on level 9 of the Dungeon.
You worshipped Okawaru.
Okawaru was most pleased with you.
You were not hungry.

You visited 2 branches of the dungeon, and saw 10 of its levels.

You collected 852 gold pieces.

Inventory:

Hand Weapons
 u - a +3 spear
 F - a +3 flail of protection
 I - the +7 long sword "Plog" (weapon) {venom, *Contam MP+9 Dex+7}
   (You found it on level 6 of the Dungeon)

   It poisons the flesh of those it strikes.
   It affects your dexterity (+7).
   It affects your magic capacity (+9).
   It causes magical contamination when unequipped.
 S - a +3 morningstar
 T - a +2 flail of holy wrath
Missiles
 y - 14 poisoned needles
 O - 6 tomahawks (quivered)
Armour
 c - a +0 shield (worn)
 i - a +0 pair of boots (worn)
 G - a +1 cloak of poison resistance (worn)
 R - a +2 chain mail of magic resistance (worn)
Magical Staves
 U - an uncursed staff of cold {unknown}
Jewellery
 g - a ring of protection from magic (left hand)
 j - a ring of resist corrosion (right hand)
Wands
 a - a wand of acid (4/15)
 k - a wand of iceblast (10/15)
 P - a wand of acid (3/15)
 Q - a wand of slowing (22/48)
Scrolls
 b - a scroll of torment {unknown}
 e - 2 scrolls of noise {unknown}
 h - 2 scrolls of remove curse
 l - 9 scrolls of identify
 p - 5 scrolls of enchant armour {unknown}
 q - 2 scrolls of recharging {unknown}
 w - 2 scrolls of amnesia {unknown}
 x - 4 scrolls of teleportation {unknown}
 C - 4 scrolls of magic mapping {unknown}
 D - 3 scrolls of enchant weapon {unknown}
 J - a scroll of acquirement {unknown}
 M - a scroll of vulnerability {unknown}
Potions
 d - 2 potions of might
 m - a potion of haste {unknown}
 n - a potion of ambrosia {unknown}
 o - 3 potions of curing
 r - 2 potions of flight {unknown}
 s - 3 potions of invisibility {unknown}
 z - a potion of brilliance {unknown}
 A - 2 potions of degeneration {unknown}
 B - 2 potions of agility {unknown}
 E - a potion of resistance {unknown}
 K - a potion of lignification {unknown}
 L - a potion of mutation {unknown}
Comestibles
 f - 5 bread rations
 t - 2 beef jerkies
 v - 2 meat rations
 N - 34 chunks of flesh


   Skills:
 + Level 10.4 Fighting
 - Level 4.8 Maces & Flails
 + Level 2.7 Throwing
 + Level 8.3 Armour
 - Level 5.0 Stealth
 + Level 8.4 Shields


You had 9 spell levels left.
You didn't know any spells.

Dungeon Overview and Level Annotations

Branches:
Dungeon (9/15)             Temple (1/1) D:5
   Lair: D:8-11         Orc: D:9-12

Altars:
Cheibriados
Dithmenos
Elyvilon
Fedhas
Gozag
Hepliaklqana
Kikubaaqudgha
Makhleb
Nemelex Xobeh
Okawaru
Qazlal
Ru
Sif Muna
Trog
Uskayaw
Vehumet
Xom
Yredelemnul
Zin
The Shining One
Jiyva

Annotations:
D:6 mole0619's ghost, novice GrFi


Innate Abilities, Weirdness & Mutations

You are resistant to torment.
Your stone body is resilient. (AC +7)
You are immune to poison.
You resist negative energy. (rN+)
You are resistant to electric shocks. (rElec)
You can survive without breathing.
You are immune to petrification.
You are immune to rotting.


Message History

You hit the white ugly thing.
The white ugly thing is poisoned.
The white ugly thing is lightly wounded.
The white ugly thing punches you but does no damage.
Some of the chunks of flesh in your inventory have rotted away.
You slash the white ugly thing!
The white ugly thing is moderately wounded.
You block the white ugly thing's attack.
The white ugly thing barely misses you.
You riposte.
You hit the white ugly thing.
The white ugly thing looks as sick as possible!
The white ugly thing is moderately wounded.
You barely miss the white ugly thing.
The white ugly thing is moderately wounded.
You block the white ugly thing's attack.
You barely miss the white ugly thing.
The white ugly thing is moderately wounded.
The white ugly thing punches you. The white ugly thing freezes you!!
The white ugly thing punches you! The white ugly thing freezes you!!
Ouch! That really hurt!
You die...

## #....#
...####....#
........####
##......###
######...#
#########'###
#......)....#
###########.#
+.@uO.#.....#
#.###.#.###.#
#.# #...#
#[#######.###
#...#..<#...#
###.#)#####.#
#.)......>..#
######+######


You could see a white ugly thing and an ogre.

Vanquished Creatures
  Erica (D:8)
  Maurice (D:8)
  A hippogriff (D:8)
  Edmund (D:4)
  A water moccasin (D:8)
  4 orc warriors
  2 phantoms
  A sky beast (D:9)
  6 ogres
  5 centaurs
  An eye of draining (D:8)
  2 big kobolds (D:6)
  A bullfrog (D:8)
  A gnoll sergeant (D:6)
  5 killer bees (D:7)
  3 wights (D:6)
  A howler monkey (D:4)
  A bullfrog zombie (D:6)
  2 crimson imps
  2 jellies
  5 orc priests
  5 hounds
  3 orc wizards
  3 gnoll shamans (D:6)
  An iguana (D:5)
  Crazy Yiuf (D:3)
  7 worker ants
  2 hound skeletons
  13 gnolls
  A howler monkey skeleton (D:6)
  A worker ant zombie (D:8)
  10 adders
  2 shadow imps
  4 oozes
  A worm (D:2)
  A dart slug (D:1)
  4 leopard geckos
  34 orcs
  10 bats
  7 giant cockroaches
  7 goblins (D:2)
  21 hobgoblins
  11 jackals
  10 kobolds
  6 quokkas
  A ball python skeleton (D:5)
  7 frilled lizards
  6 rats
  A plant (D:6)
227 creatures vanquished.

Vanquished Creatures (others)
  A plant (D:6)
1 creature vanquished.

Grand Total: 228 creatures vanquished

Notes
Turn   | Place    | Note
-------+----------+-------------------------------------------
     0 | D:1      | rutigerpupkin the Gargoyle Fighter began the quest for the Orb.
     0 | D:1      | Reached XP level 1. HP: 14/14 MP: 1/1
    98 | D:1      | Reached XP level 2. HP: 18/19 MP: 2/2
   631 | D:1      | Reached XP level 3. HP: 24/24 MP: 3/3
   768 | D:2      | Reached skill level 4 in Fighting
   881 | D:2      | Reached XP level 4. HP: 24/29 MP: 4/4
  1318 | D:2      | Reached XP level 5. HP: 32/34 MP: 5/5
  1478 | D:3      | Reached skill level 5 in Fighting
  1553 | D:3      | Found a glowing silver altar of Zin.
  1981 | D:3      | Found a runed door.
  2189 | D:3      | Noticed Crazy Yiuf
  2194 | D:3      | Killed Crazy Yiuf
  2194 | D:3      | Reached XP level 6. HP: 27/40 MP: 6/6
  2401 | D:4      | Reached skill level 6 in Fighting
  2401 | D:4      | Reached XP level 7. HP: 26/46 MP: 7/7
  3070 | D:4      | Reached skill level 5 in Shields
  3115 | D:4      | Noticed Edmund
  3139 | D:4      | Killed Edmund
  3139 | D:4      | Reached skill level 5 in Armour
  3406 | D:5      | Entered Level 5 of the Dungeon
  3406 | D:5      | Found a glowing silver altar of Zin.
  3411 | D:5      | Found an opulent altar of Gozag.
  3551 | D:5      | Reached XP level 8. HP: 41/52 MP: 8/8
  3602 | D:5      | Reached skill level 7 in Fighting
  3740 | D:5      | Found a staircase to the Ecumenical Temple.
  3749 | Temple   | Entered the Ecumenical Temple
  4226 | D:5      | Found a white marble altar of Elyvilon.
  4226 | D:5      | Found a basalt altar of Yredelemnul.
  4227 | D:5      | Found a hide-covered altar of Uskayaw.
  4297 | D:6      | Got a pitted long sword
  4495 | D:6      | Identified the +7 long sword "Plog" {venom, *Contam MP+9 Dex+7} (You found it on level 6 of the Dungeon)
  4612 | D:6      | Reached skill level 1 in Stealth
  4783 | D:6      | Noticed mole0619's ghost (novice GrFi)
  4817 | D:6      | Reached skill level 8 in Fighting
  5040 | D:7      | Found an iron altar of Okawaru.
  5056 | D:7      | Became a worshipper of Warmaster Okawaru
  5090 | D:7      | Reached XP level 9. HP: 58/60 MP: 9/9
  5315 | D:7      | Found a deep blue altar of Sif Muna.
  5583 | D:6      | Reached skill level 9 in Fighting
  5634 | D:6      | Reached * piety under Okawaru
  5796 | D:6      | Found a hazy altar of Hepliaklqana.
  6632 | D:8      | Found a shimmering altar of Xom.
  6748 | D:8      | Noticed Maurice
  6762 | D:8      | Killed Maurice
  6762 | D:8      | Reached ** piety under Okawaru
  6921 | D:8      | Reached skill level 10 in Fighting
  6921 | D:8      | Reached skill level 1 in Throwing
  6921 | D:8      | Reached skill level 5 in Stealth
  6921 | D:8      | Reached XP level 10. HP: 57/68 MP: 10/10
  6943 | D:8      | Noticed Erica
  6961 | D:8      | Killed Erica
  7194 | D:8      | Reached *** piety under Okawaru
  7381 | D:9      | Found an ancient bone altar of Kikubaaqudgha.
  7584 | D:9      | Found a shadowy altar of Dithmenos.
  7657 | D:9      | Noticed a white ugly thing
  7662 | D:9      | Mangled by a white ugly thing

Skill      XL: |  1  2  3  4  5  6  7  8  9 10 |
---------------+-------------------------------+-----
Fighting       | 4 5 6 8 10 | 10.4
Maces & Flails | 3 4 |  4.8
Armour         | 4 5 6 7 8 |  8.3
Shields        | 4 5 6 7 8 |  8.4
Stealth        | 2 5 |  5.0
Throwing       | 1 2 |  2.7

Action                   |  1- 3 |  4- 6 |  7- 9 | 10-12 || total
-------------------------+-------+-------+-------+-------++-------
Melee: Flail             |   122 |   136 |   147 |       ||   405
       Spear             |       |    40 |       |       ||    40
       Long sword        |       |       |   218 |   103 ||   321
Throw: Tomahawk          |       |       |    10 |       ||    10
  Use: Scroll            |       |     2 |       |       ||     2
       Potion            |       |       |     1 |       ||     1
  Eat: Chunk             |       |     5 |    12 |     1 ||    18
       Meat ration       |       |       |     1 |       ||     1
Armor: Scale mail        |    80 |    79 |    46 |       ||   205
       Chain mail        |       |       |   181 |    66 ||   247
Dodge: Dodged            |    39 |    38 |   106 |    23 ||   206
Block: Shield            |    82 |    79 |   241 |    59 ||   461
       Rpst.: Long sword |       |       |    22 |     9 ||    31
